Map: Cerulean Fall LE

Players

Lambo - Winner!

  • Race: Zerg Zerg
  • League: Grandmaster
  • Spawn Location: 1:00

Denver

  • Race: Zerg Zerg
  • League: Grandmaster
  • Spawn Location: 7:00

VOD

Have the link to the VOD?

Description

Time

  • Played on: Jan. 8, 2019, 3:55 p.m.
  • Length: 7:22
Show
View Real Time Build Order
Export as new Build Order

Lambo Zerg - Winner!

Build Orders: Hatch First 

Get SALT Encoding   

  12  0:00  Drone  
  13  0:12  Overlord  
  13  0:17  Drone  
  14  0:31  Drone x2  
  16  0:49  Hatchery  
  15  0:52  Drone  
  16  0:57  Drone  
  16  0:59  Drone  
  18  1:11  Extractor  
  17  1:14  Spawning Pool  
  17  1:18  Drone  
  17  1:21  Drone  
  18  1:28  Drone  
  19  1:39  Drone  
  20  1:51  Drone  
  21  2:01  Queen x2  
  21  2:02  Overlord, Drone  
  26  2:13  Metabolic Boost  
  26  2:14  Drone  
  26  2:15  Drone  
  28  2:24  Zergling x4  
  30  2:36  Hatchery, Drone  
  30  2:40  Drone  
  31  2:46  Drone x2  
  33  2:51  Baneling Nest  
  33  2:55  Overlord  
  33  2:58  Zergling x2  
  33  3:06  Drone x2  
  33  3:10  Drone  
  36  3:13  Drone x3  
  36  3:14  Zergling x2  
  36  3:15  Zergling x2  
  41  3:22  Evolution Chamber  
  41  3:24  Overlord  
  40  3:28  Drone x2  
  42  3:37  Baneling x4  
  42  3:41  Queen  
  42  3:44  Zergling x6  
  42  3:45  Zergling x2  
  47  3:52  Overlord  
  47  3:55  Drone x4  
  51  4:06  Drone x5  
  52  4:12  Zergling x8  
  55  4:18  Zergling x2  
  55  4:19  Baneling  
  56  4:27  Zergling x10  
  56  4:31  Extractor  
  57  4:32  Extractor  
  57  4:36  Zergling x2  
  57  4:37  Zergling x2  
  57  4:45  Roach Warren, Zerg Missile Weapons Level 1, Baneling x2  
  57  4:47  Overlord  
  57  4:49  Overlord  
  57  4:51  Drone x2  
  57  4:53  Queen  
  57  4:57  Overlord, Drone  
  59  5:09  Overlord  
  59  5:28  Roach x9  
  76  5:34  Roach x4  
  83  5:40  Roach  
  83  5:41  Roach  
  86  5:44  Roach x2  
  90  5:56  Roach x3  
  96  5:59  Overlord  
  96  6:01  Overlord  
  96  6:09  Overlord  
  96  6:11  Baneling x2  
  95  6:12  Zergling x6  
  95  6:17  Zergling x4  
  95  6:18  Zergling x2  
  99  6:24  Zergling x6  
  103  6:25  Zergling x4  
  103  6:30  Zergling x8  
  107  6:36  Zergling x6  
  107  6:37  Zergling x2  
  111  6:45  Zergling x8  
  112  6:47  Ravager x5  
  112  6:50  Zergling x4  
  117  6:54  Zergling x2  
  117  6:55  Ravager  
  117  6:59  Zergling x4  
  121  7:01  Overlord  
  121  7:04  Overlord  
Show
View Real Time Build Order
Export as new Build Order

Denver Zerg 

Build Orders: Hatch First 

Get SALT Encoding   

  12  0:00  Drone  
  13  0:12  Overlord  
  13  0:17  Drone  
  14  0:30  Drone x2  
  16  0:48  Hatchery  
  15  0:52  Drone  
  15  0:56  Drone  
  17  0:59  Drone  
  18  1:10  Extractor  
  17  1:14  Spawning Pool  
  17  1:17  Drone  
  17  1:21  Drone  
  18  1:28  Drone  
  19  1:38  Drone  
  20  1:50  Drone  
  21  2:01  Queen x2  
  21  2:02  Drone x2  
  27  2:10  Metabolic Boost  
  27  2:11  Overlord  
  27  2:14  Drone  
  28  2:32  Hatchery, Drone  
  28  2:38  Baneling Nest  
  28  2:39  Drone  
  28  2:42  Drone  
  29  2:44  Drone  
  29  2:47  Drone  
  31  2:52  Zergling x2  
  31  2:54  Zergling x2  
  31  2:57  Overlord  
  33  3:06  Zergling x2  
  33  3:07  Zergling x2  
  33  3:10  Overlord  
  35  3:14  Zergling x2  
  35  3:15  Zergling x6  
  35  3:16  Zergling x2  
  40  3:23  Overlord  
  40  3:24  Zergling x2  
  41  3:30  Zergling x2  
  42  3:35  Baneling x4  
  42  3:36  Zergling x2  
  43  3:45  Zergling x14  
  50  3:54  Zergling x4  
  50  3:56  Baneling  
  50  3:58  Queen  
  50  4:01  Drone  
  46  4:21  Drone x7  
  52  4:30  Drone x2  
  52  4:31  Drone x4  
  55  4:38  Evolution Chamber  
  52  4:41  Zergling x6  
  52  4:45  Zergling x2  
  56  4:54  Extractor  
  56  4:55  Zergling x6  
  56  4:56  Roach Warren  
  56  4:58  Zergling x4  
  59  5:01  Baneling x6  
  59  5:05  Zergling x6  
  50  5:15  Drone x7  
  55  5:28  Drone x4  
  55  5:34  Extractor  
  56  5:37  Drone x3  
  59  5:47  Drone x6  
  65  5:50  Overlord  
  65  5:55  Overlord  
  65  6:00  Overlord  
  65  6:03  Overlord  
  65  6:10  Roach  
  65  6:11  Roach x3  
  72  6:13  Overlord  
  69  6:20  Roach x3  
  76  6:25  Roach  
  76  6:26  Roach  
  76  6:32  Roach x3  
  83  6:34  Roach  
  83  6:35  Roach  
  86  6:40  Roach x2  
  86  6:45  Roach x2  
  88  6:49  Roach, Overlord  
  90  6:54  Roach  
  90  6:55  Roach  
  90  7:00  Roach  
  96  7:01  Zergling x2  
  96  7:03  Overlord  
Tags
 
Add a new tag
Caveats
  • Supply blocks, unpowered buildings, or Contaminate may cause inaccurate times.
  • Supply counts are checked every 10 seconds.